 Dungeon Crawl Stone Soup version 0.25.1-8-g42b30a86e7 (webtiles) character file.

Game seed: 16580363200601029237

39 0gre the Chiller (level 3, -6/25 HPs)
             Began as a Gnoll Ice Elementalist on Dec 16, 2020.
             Mangled by Sigmund
             ... wielding a +2 scythe of flaming
              (10 damage)
             ... on level 2 of the Dungeon.
             The game lasted 00:09:24 (1286 turns).

0gre the Chiller (Gnoll Ice Elementalist)           Turns: 1286, Time: 00:09:25

Health: -6/25      AC:  3    Str: 11    XL:     3   Next: 47%
Magic:  7/9        EV: 14    Int: 17    God:
Gold:   89         SH:  0    Dex: 15    Spells: 8/12 levels left

rFire    . . .     SeeInvis .   a - +0 war axe
rCold    . . .     Gourm    .   (no shield)
rNeg     . . .     Faith    .   e - +0 robe
rPois    .         Spirit   .   (no helmet)
rElec    .         Reflect  .   d - +0 cloak
rCorr    .         Harm     .   (no gloves)
MR       .....                  (no boots)
Stlth    +.........             (no amulet)
HPRegen  0.08/turn              (no ring)
MPRegen  0.11/turn              (no ring)

@: confused
A: distributed training, fangs 1, strong nose
a: no special abilities


You were on level 2 of the Dungeon.
You were very hungry.

You visited 1 branch of the dungeon, and saw 2 of its levels.

You collected 89 gold pieces.

Inventory:

Hand Weapons
 a - a +0 war axe (weapon)
 b - a +0 hunting sling
Missiles
 f - 72 stones (quivered)
 l - 22 sling bullets
Armour
 d - a +0 cloak (worn)
 e - a +0 robe (worn)
Scrolls
 g - a scroll of teleportation {unknown}
 j - a scroll of identify {unknown}
Potions
 h - a potion of lignification {unknown}
 k - a potion of curing {unknown}
Comestibles
 c - 3 rations
 i - 6 chunks of flesh


   Skills:
 + Level 0.8 Fighting
 + Level 0.8 Short Blades
 + Level 0.8 Long Blades
 + Level 0.8 Axes
 + Level 0.8 Maces & Flails
 + Level 0.8 Polearms
 + Level 0.8 Staves
 + Level 0.8 Slings
 + Level 0.8 Bows
 + Level 0.8 Crossbows
 + Level 0.8 Throwing
 + Level 0.8 Armour
 + Level 4.5 Dodging
 + Level 4.1 Stealth
 + Level 0.8 Shields
 + Level 0.8 Unarmed Combat
 + Level 5.0 Spellcasting
 + Level 0.5 Conjurations
 + Level 0.5 Hexes
 + Level 0.5 Charms
 + Level 0.5 Summonings
 + Level 0.5 Necromancy
 + Level 0.5 Translocations
 + Level 0.5 Transmutations
 + Level 0.5 Fire Magic
 + Level 7.1 Ice Magic
 + Level 0.5 Air Magic
 + Level 0.5 Earth Magic
 + Level 0.5 Poison Magic
 + Level 1.0 Invocations
 + Level 0.8 Evocations


You had 8 spell levels left.
You knew the following spells:

 Your Spells              Type           Power        Failure   Level  Hunger
a - Freeze                Ice            ####         1%          1    None
b - Frozen Ramparts       Ice            ####..       2%          3    ###....

Your spell library contained the following spells:

 Spells                   Type           Power        Failure   Level  Hunger
 Ozocubu's Armour         Chrm/Ice       ###.....     9%          3    ###....
 Hailstorm                Conj/Ice       ###.....     28%         4    ####...
 Summon Ice Beast         Ice/Summ       ###.....     28%         4    ####...


Dungeon Overview and Level Annotations

Branches:
Dungeon (2/15)

Altars:
The Shining One

Annotations:
D:2 Sigmund


Innate Abilities, Weirdness & Mutations

Your experience applies equally to all skills.
You have very sharp teeth.
Your uncanny sense of smell can sniff out nearby items.


Message History

Deactivating autopickup; reactivate with Ctrl-A.
You see here a sling bullet.
A kobold comes into view. It is wielding a +0 whip.
You are already wielding that!
a - a +0 war axe (weapon)
The wall freezes something.
You hear some strange, mumbled words.
A puff of flame appears from out of thin air!
The puff of flame hits you!
You take 8 damage, and have 17/25 hp.
MASSIVE DAMAGE!!
The wall freezes something.
You hear some strange, mumbled words.
You are confused.
You're too confused to cast spells.
The wall freezes something.
Something hits you! Something burns you.
* * * LOW HITPOINT WARNING * * *
You take 13 damage, and have 4/25 hp.
MASSIVE DAMAGE!!
The frozen ramparts melt away.
You bump into the rock wall.
Something hits you!
You die...

...##......
###.# ...#
.##.#. ...# ..##
.. .. ..# ... ..
. #.# #.# ..# ##
#(# #.# ..#
##.######(# #.#
..........# #.#
##.####...####.#
#......@.......#
#..####.....##.#
#........#
#.....##รท#
#.....##.#
##...#.#.##.#
.....#.#.##.#
##.###......# #
#...##.....#


There were no monsters in sight!

Vanquished Creatures
  An ooze (D:2)
  2 worms
  A leopard gecko (D:2)
  2 giant cockroaches
  4 goblins
  5 hobgoblins
  4 kobolds (D:1)
  5 bats
  2 frilled lizards
  A rat (D:2)
27 creatures vanquished.

Notes
Turn   | Place    | Note
-------+----------+-------------------------------------------
     0 | D:1      | 0gre the Gnoll Ice Elementalist began the quest for the
                  | Orb.
     0 | D:1      | Reached XP level 1. HP: 13/13 MP: 6/6
    85 | D:1      | Found a glowing golden altar of the Shining One.
   586 | D:1      | Reached XP level 2. HP: 19/19 MP: 7/7
   947 | D:2      | Noticed Sigmund
  1127 | D:2      | Reached XP level 3. HP: 25/25 MP: 9/9
  1132 | D:2      | Learned a level 3 spell: Frozen Ramparts
  1180 | D:2      | Reached skill level 5 in Spellcasting
  1257 | D:2      | Reached skill level 1 in Invocations
  1286 | D:2      | Mangled by Sigmund

Illustrated notes

Levels and vault maps discovered:
D:1:      psy_arrival_terrarium, layout_basic, tso_metal_star
D:2:      layout_loops_ring, marbit_many_paths, grunt_temple_overflow_open,
          first_ration, minmay_misc_feat_rugged,
          nemelex_xobeh_ov_fountains_minmay, uniq_sigmund

Skill      XL: |  1  2  3 |
---------------+----------+-----
Spellcasting   | 5 |  5.0
Invocations    | 1 |  1.0
Fighting       | |  0.8
Short Blades   | |  0.8
Long Blades    | |  0.8
Axes           | |  0.8
Maces & Flails | |  0.8
Polearms       | |  0.8
Staves         | |  0.8
Slings         | |  0.8
Bows           | |  0.8
Crossbows      | |  0.8
Throwing       | |  0.8
Armour         | |  0.8
Dodging        | |  4.5
Stealth        | |  4.1
Shields        | |  0.8
Unarmed Combat | |  0.8
Conjurations   | |  0.5
Hexes          | |  0.5
Charms         | |  0.5
Summonings     | |  0.5
Necromancy     | |  0.5
Translocations | |  0.5
Transmutations | |  0.5
Fire Magic     | |  0.5
Ice Magic      | |  7.1
Air Magic      | |  0.5
Earth Magic    | |  0.5
Poison Magic   | |  0.5
Evocations     | |  0.8

Action                   || total
-------------------------++-------
Melee: Whip              ||     7
       Bite              ||     3
       Mace              ||     7
       War axe           ||     6
 Fire: Hunting sling     ||    37
 Cast: Freeze            ||    16
       Frozen Ramparts   ||     1
 Stab: Sleeping          ||     1
Armor: Robe              ||     7
Dodge: Dodged            ||    18
